 Dungeon Crawl Stone Soup version 0.16-a0-1301-gf74d490 (console) character file.

12435 Garrluk the Conjurer (level 11, -10/58 HPs)
             Began as a Deep Elf Fire Elementalist on Oct 15, 2014.
             Was an Elder of Ru.
             Mangled by a cyclops (19 damage)
             ... on level 11 of the Dungeon.
             The game lasted 00:48:13 (10253 turns).

Garrluk the Conjurer (Deep Elf Fire Elementalist)  Turns: 10253, Time: 00:48:13

Health: -10/58     AC: 17    Str:  3    XL:     11   Next: 62%
Magic:  32/32      EV: 11    Int: 24    God:    Ru [****..]
Gold:   1040       SH:  0    Dex: 15    Spells: 6 memorised, 7 levels left

rFire  . . .     SeeInvis +     j - +0 flail (protect)
rCold  . . .     Clarity  .     a - +1 robe
rNeg   . . .     SustAb   .     (no shield)
rPois  .         Gourm    .     (no helmet)
rElec  .         Spirit   .     C - +2 cloak
rCorr  .         Warding  .     (no gloves)
rMut   .         Stasis   .     v - +2 pair of boots {run}
MR     +....                    (no amulet)
Stlth  ++........               x - ring of see invisible
                                f - +6 ring of protection

@: quick, somewhat resistant to hostile enchantments, unstealthy
A: weak 1, inability to train dodging, inability to train armour, vulnerability
to harm 1
a: Draw Out Power, Power Leap, Renounce Religion


You were on level 11 of the Dungeon.
You worshipped Ru.
Ru was greatly pleased with you.
You were not hungry.

You visited 1 branch of the dungeon, and saw 11 of its levels.

You collected 1040 gold pieces.

Notes
Turn   | Place    | Note
--------------------------------------------------------------
     0 | D:1      | Garrluk, the Deep Elf Fire Elementalist, began the quest for the Orb.
     0 | D:1      | Reached XP level 1. HP: 10/10 MP: 5/5
   277 | D:1      | Reached XP level 2. HP: 15/15 MP: 6/8
   563 | D:2      | Found a shattered altar of Ashenzari.
   563 | D:2      | Found a glowing golden altar of the Shining One.
   563 | D:2      | Found a sacrificial altar of Ru.
   576 | D:2      | Became a worshipper of Ru the Awakened
   641 | D:2      | Reached XP level 3. HP: 19/19 MP: 2/11
   646 | D:2      | Learned a level 3 spell: Conjure Flame
  1267 | D:2      | Reached skill level 4 in Fire Magic
  1359 | D:2      | Reached XP level 4. HP: 24/24 MP: 7/15
  1361 | D:2      | Found a burning altar of Makhleb.
  1481 | D:3      | Learned a level 4 spell: Sticky Flame
  1646 | D:3      | Found a glowing golden altar of the Shining One.
  1647 | D:3      | Noticed an angel
  1656 | D:3      | Reached XP level 5. HP: 23/28 MP: 12/18
  1680 | D:3      | Gained mutation: You are weak. (Str -2) [Ru sacrifice]
  2237 | D:4      | Found a glowing golden altar of the Shining One.
  2263 | D:4      | Noticed Orcus' ghost (average OgFE)
  2273 | D:4      | Killed Orcus' ghost
  2273 | D:4      | Reached skill level 5 in Spellcasting
  2273 | D:4      | Reached skill level 5 in Conjurations
  2273 | D:4      | Reached skill level 5 in Fire Magic
  2273 | D:4      | Reached XP level 6. HP: 10/32 MP: 12/21
  2582 | D:4      | Reached XP level 7. HP: 32/36 MP: 13/23
  2772 | D:4      | Found a staircase to the Ecumenical Temple.
  2814 | D:4      | Reached skill level 6 in Conjurations
  2927 | D:4      | Noticed an ogre
  2934 | D:4      | Killed an ogre
  3130 | D:5      | Entered Level 5 of the Dungeon
  3133 | D:5      | Noticed Orcus' ghost (average OgFE)
  3148 | D:4      | Identified a +2 pair of boots of running (You found it on level 5 of the Dungeon)
  3215 | D:5      | Learned a level 4 spell: Control Teleport
  3226 | D:5      | Killed Orcus' ghost
  3226 | D:5      | Reached skill level 7 in Conjurations
  3415 | D:5      | Reached XP level 8. HP: 41/41 MP: 19/25
  3448 | D:5      | Learned a level 5 spell: Fireball
  3531 | D:5      | Noticed a wyvern
  3543 | D:5      | Killed a wyvern
  3543 | D:5      | Reached skill level 1 in Charms
  3543 | D:5      | Reached skill level 1 in Translocations
  4129 | D:6      | Reached skill level 8 in Conjurations
  4155 | D:6      | Gained mutation: You cannot train your Armour skill. [Ru sacrifice]
  4155 | D:6      | Acquired Ru's first power
  4420 | D:6      | Found a snail-covered altar of Cheibriados.
  4942 | D:6      | Reached XP level 9. HP: 45/45 MP: 24/28
  5071 | D:7      | Found a shadowy altar of Dithmenos.
  5244 | D:7      | Reached skill level 9 in Conjurations
  5274 | D:7      | Found Ocuafaus' Distillery.
  5291 | D:7      | Noticed Orcus' ghost (average DsVM)
  5300 | D:7      | Killed Orcus' ghost
  5469 | D:7      | Reached skill level 5 in Charms
  5511 | D:7      | Gained mutation: You take slightly more damage. (-3 AC) [Ru sacrifice]
  5511 | D:7      | Acquired Ru's second power
  5728 | D:8      | Noticed Nicoed's ghost (experienced DECj)
  5745 | D:8      | Killed Nicoed's ghost
  5761 | D:8      | Reached skill level 10 in Conjurations
  5869 | D:8      | Reached XP level 10. HP: 45/50 MP: 13/30
  6777 | D:8      | Reached skill level 5 in Translocations
  7017 | D:8      | Found a blossoming altar of Fedhas.
  7028 | D:8      | Learned a level 7 spell: Orb of Destruction
  7030 | D:8      | Found a bloodstained altar of Trog.
  7031 | D:8      | Found a basalt altar of Yredelemnul.
  7079 | D:8      | Found a glowing silver altar of Zin.
  7083 | D:8      | Found a shimmering altar of Xom.
  7193 | D:9      | Found a staircase to the Orcish Mines.
  7537 | D:9      | Reached skill level 11 in Conjurations
  7559 | D:9      | Gained mutation: You cannot train Dodging. [Ru sacrifice]
  7559 | D:9      | Acquired Ru's third power
  7559 | D:9      | Acquired Ru's fourth power
  7827 | D:9      | Found a staircase to the Lair.
  8003 | D:9      | Reached skill level 10 in Spellcasting
  8233 | D:10     | Entered Level 10 of the Dungeon
  8330 | D:10     | Noticed an unseen horror
  8337 | D:10     | Killed an unseen horror
  8337 | D:10     | Reached XP level 11. HP: 44/54 MP: 20/32
  8424 | D:10     | Noticed Chiseanne's ghost (average SpHe)
  8532 | D:10     | Killed Chiseanne's ghost
  8702 | D:10     | Noticed an unseen horror
  8708 | D:10     | Killed an unseen horror
  8708 | D:10     | Reached skill level 1 in Fighting
  8849 | D:9      | Noticed a skeletal warrior
  8862 | D:9      | Killed a skeletal warrior
  8991 | D:9      | Noticed a five-headed hydra
  8991 | D:9      | Noticed a centaur warrior
  9002 | D:9      | Killed a five-headed hydra
  9006 | D:9      | Killed a centaur warrior
  9096 | D:9      | Reached skill level 12 in Conjurations
  9903 | D:11     | Got a pair of heavily runed boots
  9947 | D:10     | Identified the +2 pair of boots of the Three Spirits {Str+1 Int+5} (You found it on level 11 of the Dungeon)
  9989 | D:11     | Noticed a hill giant
  9990 | D:11     | Noticed an unseen horror
 10253 | D:11     | Mangled by a cyclops

Inventory:

Hand weapons
 j - a +0 flail of protection (weapon)
   (You took it off an orc on level 10 of the Dungeon)
Armour
 a - a +1 robe (worn)
 g - a +0 buckler
   (You took it off a gnoll sergeant on level 6 of the Dungeon)
 v - a +2 pair of boots of running (worn)
   (You found it on level 5 of the Dungeon)
 C - a +2 cloak (worn)
   (You found it on level 8 of the Dungeon)
 E - the +2 pair of boots of the Three Spirits {Str+1 Int+5}
   (You found it on level 11 of the Dungeon)

   It affects your strength (+1).
   It affects your intelligence (+5).
 J - a troll hide
   (You found it on level 9 of the Dungeon)
Jewellery
 f - a +6 ring of protection (left hand)
   (You found it on level 1 of the Dungeon)
 p - an uncursed ring of teleport control
   (You found it on level 3 of the Dungeon)
 x - a ring of see invisible (right hand)
   (You found it on level 5 of the Dungeon)
 N - a cursed ring of teleportation
   (You found it on level 10 of the Dungeon)
Magical devices
 n - a wand of teleportation (6)
   (You found it on level 7 of the Dungeon)
 s - a wand of enslavement (11)
   (You found it on level 2 of the Dungeon)
 z - a wand of paralysis (12)
   (You took it off a big kobold on level 8 of the Dungeon)
 B - a wand of magic darts (19)
   (You found it on level 4 of the Dungeon)
 K - a wand of cold (9)
   (You found it on level 9 of the Dungeon)
Scrolls
 d - 4 scrolls of identify
 h - a scroll of fog
 i - a scroll of teleportation
 k - 3 scrolls of enchant weapon
 y - a scroll of remove curse
 A - 2 scrolls of amnesia
 H - a scroll of enchant armour
Potions
 e - 2 potions of flight
 l - 7 potions of curing
 m - a potion of porridge
 q - 2 potions of cancellation
 r - 2 potions of restore abilities
 G - a potion of haste
 O - 2 potions of might
Books
 b - a book of Flames

   Spells                             Type                      Level
   *Flame Tongue                      Conjuration/Fire             1
   Throw Flame                        Conjuration/Fire             2
   *Conjure Flame                     Conjuration/Fire             3
   Inner Flame                        Hexes/Fire                   3
   *Sticky Flame                      Conjuration/Fire             4
   *Fireball                          Conjuration/Fire             5
 o - a Necronomicon {highlevel}
   (You found it on level 3 of the Dungeon)

   This book is beyond your current level of understanding.

   Spells                             Type                      Level
   Haunt                              Necromancy/Summoning         7
   Borgnjor's Revivification          Necromancy                   8
   Death's Door                       Charms/Necromancy            8
   Necromutation                      Transmutation/Necromancy     8
 w - a book of the Warp
   (You found it on level 5 of the Dungeon)

   Spells                             Type                      Level
   *Control Teleport                  Charms/Translocation         4
   Phase Shift                        Translocation                5
   Warp Weapon                        Charms/Translocation         5
   Dispersal                          Translocation                6
   Controlled Blink                   Translocation                7
   Disjunction                        Translocation                8
 D - a book of Callings
   (You found it on level 9 of the Dungeon)

   Spells                             Type                      Level
   Summon Small Mammal                Summoning                    1
   Call Imp                           Summoning                    2
   Call Canine Familiar               Summoning                    3
   Summon Guardian Golem              Hexes/Summoning              4
   Summon Lightning Spire             Summoning/Air                4
   Summon Ice Beast                   Ice/Summoning                4
 F - a book of Power
   (You found it on level 8 of the Dungeon)

   Spells                             Type                      Level
   Fulminant Prism                    Conjuration/Hexes            4
   Iskenderun's Mystic Blast          Conjuration                  4
   Venom Bolt                         Conjuration/Poison           5
   Bolt of Magma                      Conjuration/Fire/Earth       5
   Iron Shot                          Conjuration/Earth            6
   *Orb of Destruction                Conjuration                  7
 I - a book of Burglary
   (You found it on level 10 of the Dungeon)

   Spells                             Type                      Level
   Swiftness                          Charms/Air                   2
   Passwall                           Transmutation/Earth          3
   Passage of Golubria                Translocation                4
   Lee's Rapid Deconstruction         Earth                        5
   Invisibility                       Hexes                        6
   Darkness                           Hexes                        7
Comestibles
 c - 6 bread rations
 t - a royal jelly
 u - 2 meat rations
 L - a chunk of giant gecko flesh

Table legend:
 A = Turns spent in this place as a percentage of turns spent in the entire game.
 B = Non-inter-level travel turns spent in this place as a percentage of non-inter-level travel turns spent in the entire game.
 C = Inter-level travel turns spent in this place as a percentage of turns spent in this place.
 D = Turns resting spent in this place as a percentage of non-inter-level travel turns spent in this place.
 E = Turns spent auto-exploring this place as a percentage of non-inter-level travel turns spent in this place.
 F = Non-inter-level travel turns spent in this place divided by the number of levels of this place that you've seen.
                   A       B       C       D       E      F
               +-------+-------+-------+-------+-------+----------------------
         Total | 100.0 | 100.0 |   0.7 |   3.7 |   8.9 | 301.1
       Dungeon | 100.0 | 100.0 |   0.7 |   3.7 |   8.9 | 301.1
               +-------+-------+-------+-------+-------+----------------------


   Skills:
 + Level 2.3 Fighting
 - Level 2.4 Stealth
 + Level 10.7 Spellcasting
 * Level 12.2 Conjurations
 + Level 9.3 Charms
 + Level 6.8 Translocations
 + Level 9.5 Fire Magic


You had 7 spell levels left.
You knew the following spells:

 Your Spells              Type           Power        Failure   Level  Hunger
a - Flame Tongue          Conj/Fire      #####        1%          1    None
b - Sticky Flame          Conj/Fire      ######..     1%          4    None
c - Conjure Flame         Conj/Fire      ######..     1%          3    None
e - Control Teleport      Chrm/Tloc      ######....   1%          4    None
j - Orb of Destruction    Conj           ######....   34%         7    #######
D - Fireball              Conj/Fire      ######....   1%          5    ###....


Dungeon Overview and Level Annotations

Branches:
Dungeon (11/15)            Temple (0/1) D:4             Orc (0/4) D:9
   Lair (0/8) D:9

Altars:
Ashenzari
Cheibriados
Dithmenos
Fedhas
Makhleb
Ru
Trog
Xom
Yredelemnul
Zin
The Shining One

Shops:
D:7 !


Innate Abilities, Weirdness & Mutations

You are weak. (Str -2)
You cannot train Dodging.
You cannot train your Armour skill.
You take slightly more damage. (-3 AC)


Message History

The two-headed ogre is heavily wounded.
Casting: Fireball
Confirm with . or Enter, or press ? or * to list all spells.
Aiming: Fireball
Press: ? - help, Shift-Dir - straight line, f/p - two-headed ogre
Aim: a two-headed ogre, wielding a dire flail and a giant club (heavily wounded)
The fireball explodes!
The fireball engulfs the two-headed ogre.
You kill the two-headed ogre!
You start resting.
Magic restored.
You see here a rotting big kobold corpse.
There is a stone staircase leading down here.
You climb downwards.
The big kobold zaps a wand.
The bolt of lightning hits you!
The kobold shoots a bolt.
The bolt hits you.
There is a stone staircase leading up here.
You see here a bolt.
The big kobold zaps a wand.
The bolt of lightning hits you!
* * * LOW HITPOINT WARNING * * *
The cyclops hits you!!
You die...

. . K).
K.).#######
....)..#..
..4....#$#
#...K...#.#####
#%#.(....#
######.#.[.C..#
.......K)..[@.#
#..##.#K.....#
##!....(#.#####
#.......#.#
#.$....K..#
#....(...<#
#....(...((.#
.....##...#####
###. #.#.# #
.....# ####.##


You could see a cyclops, a big kobold and a kobold.

Table legend:
 A = Kills in this place as a percentage of kills in entire the game.
 B = Kills by you in this place as a percentage of kills by you in the entire game.
 C = Kills by friends in this place as a percentage of kills by friends in the entire game.
 D = Other kills in this place as a percentage of other kills in the entire game.
 E = Experience gained in this place as a percentage of experience gained in the entire game.
 F = Experience gained in this place divided by the number of levels of this place that you have seen.
                   A       B       C       D       E      F
               +-------+-------+-------+-------+-------+----------------------
         Total | 100.0 | 100.0 | 100.0 |  -nan | 100.0 | 1615.0
       Dungeon | 100.0 | 100.0 | 100.0 |  -nan | 100.0 | 1615.0
               +-------+-------+-------+-------+-------+----------------------

Vanquished Creatures
  Monster Symbol All ' '
  The ghost of Nicoed the Infuser, an experienced DECj of Okawaru (D:8)
  The ghost of Orcus the Cudgeler, an average OgFE (D:5)
  The ghost of Orcus the Ogre Mage, an average OgFE (D:4)
  The ghost of Orcus the Stinger, an average DsVM (D:7)
  The ghost of Chiseanne the Ducker, an average SpHe of Elyvilon (D:10)
5 creatures vanquished. All '*' A giant spore (D:9)
1 creature vanquished. All '5' 4 crimson imps 2 shadow imps
6 creatures vanquished. All ';' 4 electric eels
4 creatures vanquished. All 'B' A goliath beetle (D:8)
1 creature vanquished. All 'D' A hydra (D:9) 2 wyverns
3 creatures vanquished. All 'F' 6 giant frogs
6 creatures vanquished. All 'H' A hippogriff (D:8)
1 creature vanquished. All 'J' A slime creature (D:7) 7 jellies (D:7) 11 oozes (D:7)
19 creatures vanquished. All 'K' 19 big kobolds 30 kobolds
49 creatures vanquished. All 'O' 2 two-headed ogres 4 ogres
6 creatures vanquished. All 'P' 2 ballistomycetes (D:9) 2 bushes (D:9) 3 fungi (D:7)
7 creatures vanquished. All 'S' A water moccasin (D:5) 6 adders
7 creatures vanquished. All 'T' 3 trolls
3 creatures vanquished. All 'W' A freezing wraith (D:9) 2 hungry ghosts
3 creatures vanquished. All 'Y' 2 ice beasts 2 sky beasts
4 creatures vanquished. All 'Z' A hill giant zombie (D:10) A vampire mosquito zombie (D:9) A water moccasin zombie (D:6) A troll zombie (D:8) A troll skeleton (D:8) A giant frog skeleton (D:10) An elf skeleton (D:8) A sky beast zombie (D:10) A hound zombie (D:5) A scorpion zombie (D:9) 2 orc skeletons An adder skeleton (D:4) 2 bat skeletons (D:4) A gnoll zombie (D:9) A giant gecko skeleton (D:5) 2 goblin skeletons (D:4) 2 goblin zombies (D:4) 2 hobgoblin zombies (D:4) 2 jackal zombies 3 kobold skeletons A kobold zombie (D:5) 4 orc zombies A quokka skeleton (D:8)
34 creatures vanquished. All 'a' 6 worker ants
6 creatures vanquished. All 'b' 9 bats
9 creatures vanquished. All 'c' A centaur warrior (D:9) 2 centaurs
3 creatures vanquished. All 'g' A gnoll sergeant (D:6) 4 gnolls 15 goblins 14 hobgoblins
34 creatures vanquished. All 'h' 2 wolves (D:9) 3 black bears 10 hounds 7 jackals
22 creatures vanquished. All 'l' An iguana (D:10) 6 giant geckos 2 giant newts
9 creatures vanquished. All 'o' 2 orc warriors 8 orc priests 6 orc wizards 32 orcs
48 creatures vanquished. All 'r' 7 quokkas 12 rats
19 creatures vanquished. All 's' 4 scorpions A giant mite (D:7) 4 giant cockroaches
9 creatures vanquished. All 'w' 4 worms
4 creatures vanquished. All 'x' 2 unseen horrors (D:10)
2 creatures vanquished. All 'y' A vampire mosquito (D:9) 5 killer bees (D:10)
6 creatures vanquished. All 'z' A skeletal warrior (D:9) 5 wights (D:10)
6 creatures vanquished.
336 creatures vanquished. Monster Nature Natural Monsters A hydra (D:9) A centaur warrior (D:9) 2 unseen horrors (D:10) The ghost of Nicoed the Infuser, an experienced DECj of Okawaru (D:8) The ghost of Orcus the Cudgeler, an average OgFE (D:5) The ghost of Orcus the Ogre Mage, an average OgFE (D:4) 2 two-headed ogres 3 trolls The ghost of Orcus the Stinger, an average DsVM (D:7) A slime creature (D:7) A hippogriff (D:8) 2 wolves (D:9) 2 wyverns A water moccasin (D:5) 3 black bears 2 orc warriors 2 ice beasts 4 ogres 2 centaurs 2 sky beasts The ghost of Chiseanne the Ducker, an average SpHe of Elyvilon (D:10) 19 big kobolds 6 giant frogs A gnoll sergeant (D:6) 5 killer bees (D:10) 4 scorpions 4 electric eels A goliath beetle (D:8) 10 hounds 7 jellies (D:7) 8 orc priests 6 orc wizards An iguana (D:10) 6 worker ants 4 gnolls 6 adders A giant mite (D:7) 4 worms 6 giant geckos 11 oozes (D:7) 32 orcs 9 bats 15 goblins 14 hobgoblins 7 jackals 30 kobolds 7 quokkas 4 giant cockroaches 2 giant newts 12 rats
278 creatures vanquished. Undead Monsters A skeletal warrior (D:9) A freezing wraith (D:9) A hill giant zombie (D:10) 2 hungry ghosts A vampire mosquito (D:9) A vampire mosquito zombie (D:9) A water moccasin zombie (D:6) A troll zombie (D:8) 5 wights (D:10) A troll skeleton (D:8) A giant frog skeleton (D:10) An elf skeleton (D:8) A sky beast zombie (D:10) A hound zombie (D:5) A scorpion zombie (D:9) 2 orc skeletons An adder skeleton (D:4) 2 bat skeletons (D:4) A gnoll zombie (D:9) A giant gecko skeleton (D:5) 2 goblin skeletons (D:4) 2 goblin zombies (D:4) 2 hobgoblin zombies (D:4) 2 jackal zombies 3 kobold skeletons A kobold zombie (D:5) 4 orc zombies A quokka skeleton (D:8)
44 creatures vanquished. Demonic Monsters 4 crimson imps 2 shadow imps
6 creatures vanquished. Plants A giant spore (D:9) 2 ballistomycetes (D:9) 2 bushes (D:9) 3 fungi (D:7)
8 creatures vanquished.
336 creatures vanquished. Ascending Order A hydra (D:9) A centaur warrior (D:9) A skeletal warrior (D:9) The ghost of Nicoed the Infuser, an experienced DECj of Okawaru (D:8) The ghost of Orcus the Ogre Mage, an average OgFE (D:4) The ghost of Orcus the Cudgeler, an average OgFE (D:5) A freezing wraith (D:9) A slime creature (D:7) The ghost of Orcus the Stinger, an average DsVM (D:7) A hill giant zombie (D:10) A hippogriff (D:8) A vampire mosquito (D:9) A water moccasin (D:5) A vampire mosquito zombie (D:9) The ghost of Chiseanne the Ducker, an average SpHe of Elyvilon (D:10) A gnoll sergeant (D:6) A water moccasin zombie (D:6) A troll zombie (D:8) A troll skeleton (D:8) A goliath beetle (D:8) A giant frog skeleton (D:10) An elf skeleton (D:8) An iguana (D:10) A sky beast zombie (D:10) A hound zombie (D:5) A scorpion zombie (D:9) A giant mite (D:7) An adder skeleton (D:4) A gnoll zombie (D:9) A giant spore (D:9) A kobold zombie (D:5) A quokka skeleton (D:8) A giant gecko skeleton (D:5) 2 unseen horrors (D:10) 2 two-headed ogres 2 wolves (D:9) 2 wyverns 2 hungry ghosts 2 orc warriors 2 ice beasts 2 centaurs 2 sky beasts 2 shadow imps 2 orc skeletons 2 bat skeletons (D:4) 2 jackal zombies 2 giant newts 2 goblin skeletons (D:4) 2 goblin zombies (D:4) 2 hobgoblin zombies (D:4) 2 ballistomycetes (D:9) 2 bushes (D:9) 3 trolls 3 black bears 3 kobold skeletons 3 fungi (D:7) 4 ogres 4 scorpions 4 electric eels 4 crimson imps 4 gnolls 4 worms 4 giant cockroaches 4 orc zombies 5 killer bees (D:10) 5 wights (D:10) 6 giant frogs 6 orc wizards 6 worker ants 6 adders 6 giant geckos 7 jellies (D:7) 7 quokkas 7 jackals 8 orc priests 9 bats 10 hounds 11 oozes (D:7) 12 rats 14 hobgoblins 15 goblins 19 big kobolds 30 kobolds 32 orcs
336 creatures vanquished.

Action                   |  1- 3 |  4- 6 |  7- 9 | 10-12 || total
-------------------------+-------+-------+-------+-------++-------
Melee: Dagger            |     5 |       |       |       ||     5
       Unarmed           |     1 |       |       |       ||     1
       Long sword        |       |     7 |    12 |       ||    19
       Dire flail        |       |       |     4 |    80 ||    84
       Flail             |       |       |       |     3 ||     3
 Cast: Flame Tongue      |    72 |    51 |   165 |   170 ||   458
       Conjure Flame     |     1 |     2 |    24 |    19 ||    46
       Sticky Flame      |       |     5 |    19 |    60 ||    84
       Fireball          |       |       |    11 |    42 ||    53
       Orb of Destructio |       |       |       |     4 ||     4
Invok: Sacrifice Purity  |       |     1 |       |       ||     1
       Sacrifice Durabil |       |       |     1 |       ||     1
       Sacrifice Health  |       |       |     1 |       ||     1
       Sacrifice Nimblen |       |       |       |     1 ||     1
Evoke: Wand              |       |     1 |     9 |     6 ||    16
  Use: Potion            |     5 |     2 |     3 |       ||    10
       Scroll            |     4 |       |     8 |     6 ||    18
 Stab: Sleeping          |       |       |     2 |     1 ||     3
  Eat: Chunk             |     1 |     5 |    13 |    13 ||    32
       Fruit             |       |       |       |     3 ||     3
       Meat ration       |       |       |       |     1 ||     1
       Pizza             |       |       |       |     1 ||     1
       Beef jerky        |       |       |       |     1 ||     1
